Penguins vs Canadiens

Created - November 3 2010 at 17:51

Goals
1 2 3 OT1 T
Penguins 1 0 2 0 3
Canadiens 2 1 0 1 4
Shots
1 2 3 OT1 T
Penguins 6 6 12 2 26
Canadiens 8 8 3 2 21

Period #1

1. Canadiens , Tomas Plekanec 4 (Marian Gaborik) at 1:03
2. Penguins , Marian Hossa 3 (Brad Richards, Nicklas Lidstrom) at 3:31 (PP)
3. Canadiens , Marian Gaborik 5 (Ilya Kovalchuk, Tomas Plekanec) at 3:57

Penalties :
Cory Stillman (MTL) for Hooking (Minor) at 3:10, Pavel Kubina (PIT) for Roughing (Minor) at 4:37, John-Michael Liles (PIT) for Roughing (Minor) at 8:37, Brent Seabrook (MTL) for Holding (Minor) at 10:45, Toni Lydman (MTL) for Slashing (Minor) at 16:30, Toni Lydman (MTL) for Hooking (Minor) at 18:41

Period #2

4. Canadiens , R.J. Umberger 5 (Ales Hemsky, Alexander Edler) at 9:05 (PP)

Penalties :
Brandon Dubinsky (PIT) for High sticking (Minor) at 2:11, Cory Stillman (MTL) for Hooking (Minor) at 5:28, Brandon Dubinsky (PIT) for Tripping (Minor) at 7:47, Wayne Simmonds (MTL) for Holding (Minor) at 10:22, Toni Lydman (MTL) for Tripping (Minor) at 14:58, Travis Moen (PIT) for High sticking (Minor) at 17:08

Period #3

5. Penguins , Pavel Datsyuk 5 (Ryan Smyth, Evgeni Malkin) at 11:28 (PP)
6. Penguins , Pavel Datsyuk 6 (Nicklas Lidstrom, Pavel Kubina) at 19:39

Penalties :
Evgeni Malkin (PIT) for High sticking (Double Minor) at 0:02, Brent Seabrook (MTL) for Holding (Minor) at 4:10, Zach Bogosian (PIT) for Slashing (Minor) at 4:25, Patrik Berglund (MTL) for Hooking (Minor) at 7:44, Toni Lydman (MTL) for Interference (Minor) at 7:55, Alexander Edler (MTL) for Interference (Minor) at 11:00, Brent Seabrook (MTL) for Holding (Minor) at 14:50

Overtime #1

7. Canadiens , Marian Gaborik 6 (Ilya Kovalchuk, Brent Seabrook) at 1:45

Penalties :
No Penalty

Goalie Stats

Marc-Andre Fleury (PIT), 17 saves from 21 shots - (0.810), OTL, 4-2-3, 61:17 minutes
Jaroslav Halak (MTL), 23 saves from 26 shots - (0.885), W, 4-6-2, 61:46 minutes

Players Stats

Penguins
Player Name              G  A  P  +/- PIM S  H  SB FO    MP 
------------------------------------------------------------
Alex Goligoski           0  0  0  -1  0   0  2  1  0/0   18 
Antti Miettinen          0  0  0   1  0   1  0  0  0/0   14 
Brad Richards            0  1  1  -1  0   5  0  0  17/37 22 
Brandon Dubinsky         0  0  0  -1  4   4  3  1  2/6   22 
Brooks Orpik             0  0  0  -1  0   0  1  0  0/0   16 
Evgeni Malkin            0  1  1  -1  4   1  6  0  1/3   22 
Joel Ward                0  0  0  -1  0   2  1  0  0/0   15 
John Tavares             0  0  0  -1  0   1  1  0  4/9   12 
John-Michael Liles       0  0  0  -1  2   0  0  1  0/0   10 
Marian Hossa             1  0  1  -1  0   2  0  0  1/1   8  
Mark Eaton               0  0  0   0  0   0  0  0  0/0   0  
Nicklas Lidstrom         0  2  2  -1  0   0  0  2  0/0   27 
Pavel Datsyuk            2  0  2   0  0   8  1  1  19/36 25 
Pavel Kubina             0  1  1   0  2   0  1  0  0/0   21 
Ryan Smyth               0  1  1  -1  0   0  0  0  0/0   16 
Sami Salo                0  0  0   0  0   1  0  0  0/0   20 
Travis Moen              0  0  0   1  2   0  3  0  0/0   10 
Zach Bogosian            0  0  0   0  2   1  4  1  0/0   13 
Canadiens
Player Name              G  A  P  +/- PIM S  H  SB FO    MP 
------------------------------------------------------------
Ales Hemsky              0  1  1   0  0   2  0  0  1/1   16 
Alexander Edler          0  1  1   2  2   0  0  0  0/0   23 
Brent Seabrook           0  1  1   1  6   1  3  1  0/0   23 
Cory Stillman            0  0  0  -1  4   1  0  0  1/1   17 
David Booth              0  0  0   0  0   0  0  0  0/0   10 
Ed Jovanovski            0  0  0   3  0   1  4  2  0/0   22 
Ilya Kovalchuk           0  2  2   3  0   1  0  0  0/5   14 
Jason Pominville         0  0  0  -1  0   2  0  1  2/4   18 
Kris Russell             0  0  0   0  0   0  0  2  0/0   17 
Marian Gaborik           2  1  3   3  0   4  1  0  2/3   16 
Maxime Talbot            0  0  0   0  0   0  1  0  1/1   12 
Patrik Berglund          0  0  0   0  2   0  0  0  0/5   5  
R.J. Umberger            1  0  1  -1  0   2  2  0  18/30 22 
Shawn Horcoff            0  0  0   0  0   3  0  0  6/12  12 
Tom Gilbert              0  0  0  -1  0   0  0  0  0/0   14 
Tomas Plekanec           1  1  2   2  0   2  0  0  17/29 19 
Toni Lydman              0  0  0  -1  8   1  7  0  0/0   19 
Wayne Simmonds           0  0  0   0  2   1  1  0  0/1   9  

3 Stars

1 - Marian Gaborik (MTL)
2 - Pavel Datsyuk (PIT)
3 - Tomas Plekanec (MTL)

Power Play

Penguins - 2 on 12 Attempt(s) - 16.67%
Canadiens - 1 on 7 Attempt(s) - 14.29%

Penalty Kill

Penguins - 6 on 7 Attempt(s) - 85.71% - Score 0 goal in Penalty Kill
Canadiens - 10 on 12 Attempt(s) - 83.33% - Score 0 goal in Penalty Kill

Game Notes

Marian Hossa is injured at 1:54 of 2nd period (Bruised Left Arm)

Finance

Level 1 -- Attendance: 3578 (55.05%) -- Ticket Income $447,250.00
Level 2 -- Attendance: 3213 (64.26%) -- Ticket Income $224,910.00
Level 3 -- Attendance: 2426 (69.31%) -- Ticket Income $101,892.00
Level 4 -- Attendance: 1382 (26.21%) -- Ticket Income $41,460.00
Luxury Box -- Attendance: 573 (57.30%) -- Ticket Income $143,250.00
Game was played at the Bell Centre
Total Attendance: 11172 (52.52%)
Total Ticket Income: $1,047,128.00
Other Income: $197,581.80
Total Income: $1,244,710.00


Play by Play

Period #1

0:01 of 1st period - Pavel Datsyuk wins face-off versus R.J. Umberger in neutral zone.
0:16 of 1st period - Shot by Brent Seabrook.
0:16 of 1st period - Shot Misses the Net.
0:18 of 1st period - Shot by Brent Seabrook.
0:18 of 1st period - Stopped by Marc-Andre Fleury with a rebound.
1:03 of 1st period - Shot by Tomas Plekanec.
1:03 of 1st period - Goal by Tomas Plekanec - Penguins : 0 - Canadiens : 1.
1:04 of 1st period - Shawn Horcoff wins face-off versus Brad Richards in neutral zone.
1:17 of 1st period - Shot by Shawn Horcoff.
1:17 of 1st period - Stopped by Marc-Andre Fleury without a rebound.
1:18 of 1st period - John Tavares wins face-off versus Marian Gaborik in Penguins zone.
1:42 of 1st period - Shot by Joel Ward.
1:42 of 1st period - Stopped by Jaroslav Halak without a rebound.
1:43 of 1st period - Shawn Horcoff wins face-off versus Brad Richards in Canadiens zone.
2:34 of 1st period - Icing by Nicklas Lidstrom.
2:35 of 1st period - R.J. Umberger wins face-off versus Pavel Datsyuk in Penguins zone.
2:44 of 1st period - R.J. Umberger is hit by Travis Moen and loses puck.
3:10 of 1st period - Minor Penalty to Cory Stillman for Hooking.
3:11 of 1st period - R.J. Umberger wins face-off versus Brad Richards in Canadiens zone.
3:17 of 1st period - Icing by Brandon Dubinsky.
3:18 of 1st period - R.J. Umberger wins face-off versus Brad Richards in Penguins zone.
3:31 of 1st period - Shot by Marian Hossa.
3:31 of 1st period - Goal by Marian Hossa - Penguins : 1 - Canadiens : 1.
3:32 of 1st period - John Tavares wins face-off versus Tomas Plekanec in neutral zone.
3:47 of 1st period - Shot by Joel Ward.
3:47 of 1st period - Stopped by Jaroslav Halak with a rebound.
3:57 of 1st period - Shot by Ilya Kovalchuk.
3:57 of 1st period - Deflect By Marian Gaborik.
3:57 of 1st period - Goal by Marian Gaborik - Penguins : 1 - Canadiens : 2.
3:58 of 1st period - Shawn Horcoff wins face-off versus Pavel Datsyuk in neutral zone.
4:23 of 1st period - Shot by Wayne Simmonds.
4:23 of 1st period - Stopped by Marc-Andre Fleury without a rebound.
4:24 of 1st period - Jason Pominville wins face-off versus Brad Richards in Penguins zone.
4:24 of 1st period - Jason Pominville is hit by Pavel Kubina.
4:37 of 1st period - Minor Penalty to Pavel Kubina for Roughing.
4:38 of 1st period - Tomas Plekanec wins face-off versus Brandon Dubinsky in Penguins zone.
4:48 of 1st period - Icing by Brent Seabrook.
4:49 of 1st period - Tomas Plekanec wins face-off versus Pavel Datsyuk in Canadiens zone.
4:58 of 1st period - Shot by Ilya Kovalchuk.
4:58 of 1st period - Deflect By Marian Gaborik.
4:58 of 1st period - Shot Misses the Net.
5:06 of 1st period - Shot by Tomas Plekanec.
5:06 of 1st period - Shot Misses the Net.
5:08 of 1st period - Shot by Brent Seabrook.
5:08 of 1st period - Shot Misses the Net.
5:21 of 1st period - Tomas Plekanec is hit by Brooks Orpik and loses puck.
5:34 of 1st period - Shot by Ales Hemsky.
5:34 of 1st period - Stopped by Marc-Andre Fleury without a rebound.
5:35 of 1st period - Cory Stillman wins face-off versus Brandon Dubinsky in Penguins zone.
6:51 of 1st period - Icing by Kris Russell.
6:52 of 1st period - Brad Richards wins face-off versus Shawn Horcoff in Canadiens zone.
7:33 of 1st period - Icing by Marian Hossa.
7:34 of 1st period - R.J. Umberger wins face-off versus Pavel Datsyuk in Penguins zone.
7:35 of 1st period - Shot by Jason Pominville.
7:35 of 1st period - Stopped by Marc-Andre Fleury without a rebound.
7:36 of 1st period - R.J. Umberger wins face-off versus Pavel Datsyuk in Penguins zone.
7:37 of 1st period - Shot by Jason Pominville.
7:37 of 1st period - Shot Misses the Net.
8:36 of 1st period - Marian Gaborik is hit by Alex Goligoski and loses puck.
8:37 of 1st period - Minor Penalty to John-Michael Liles for Roughing.
8:38 of 1st period - Tomas Plekanec wins face-off versus Brad Richards in Penguins zone.
9:24 of 1st period - Icing by Toni Lydman.
9:25 of 1st period - R.J. Umberger wins face-off versus Pavel Datsyuk in Canadiens zone.
9:59 of 1st period - Icing by Brent Seabrook.
10:00 of 1st period - Brandon Dubinsky wins face-off versus Tomas Plekanec in Canadiens zone.
10:33 of 1st period - Shot by Jason Pominville.
10:33 of 1st period - Shot Misses the Net.
10:37 of 1st period - Shot by Jason Pominville.
10:37 of 1st period - Stopped by Marc-Andre Fleury without a rebound.
10:38 of 1st period - Marian Hossa wins face-off versus Patrik Berglund in Penguins zone.
10:38 of 1st period - Marian Hossa is hit by Maxime Talbot.
10:45 of 1st period - Minor Penalty to Brent Seabrook for Holding.
10:46 of 1st period - R.J. Umberger wins face-off versus Pavel Datsyuk in Canadiens zone.
10:46 of 1st period - R.J. Umberger is hit by Evgeni Malkin.
11:02 of 1st period - Shot by Pavel Datsyuk.
11:02 of 1st period - Stopped by Jaroslav Halak without a rebound.
11:03 of 1st period - R.J. Umberger wins face-off versus Brad Richards in Canadiens zone.
11:45 of 1st period - Off-side.
11:46 of 1st period - Pavel Datsyuk wins face-off versus R.J. Umberger in neutral zone.
11:52 of 1st period - Pavel Datsyuk is hit by Ed Jovanovski and loses puck.
12:52 of 1st period - Kris Russell is hit by Evgeni Malkin and loses puck.
13:11 of 1st period - Shot by Evgeni Malkin.
13:11 of 1st period - Shot Misses the Net.
14:09 of 1st period - Off-side.
14:10 of 1st period - Brad Richards wins face-off versus R.J. Umberger in neutral zone.
14:30 of 1st period - Shot by Brandon Dubinsky.
14:30 of 1st period - Shot Misses the Net.
14:32 of 1st period - Shot by Sami Salo.
14:32 of 1st period - Shot Misses the Net.
14:34 of 1st period - Shot by Brandon Dubinsky.
14:34 of 1st period - Stopped by Jaroslav Halak without a rebound.
14:35 of 1st period - Tomas Plekanec wins face-off versus John Tavares in Canadiens zone.
14:35 of 1st period - Marian Gaborik is hit by Evgeni Malkin and loses puck.
14:58 of 1st period - Off-side.
14:59 of 1st period - Jason Pominville wins face-off versus Pavel Datsyuk in neutral zone.
15:20 of 1st period - Travis Moen is hit by R.J. Umberger.
15:39 of 1st period - Icing by Jason Pominville.
15:40 of 1st period - R.J. Umberger wins face-off versus Brad Richards in Canadiens zone.
15:40 of 1st period - R.J. Umberger is hit by Brandon Dubinsky.
15:52 of 1st period - Icing by Sami Salo.
15:53 of 1st period - Brad Richards wins face-off versus Shawn Horcoff in Penguins zone.
16:30 of 1st period - Minor Penalty to Toni Lydman for Slashing.
16:31 of 1st period - Brad Richards wins face-off versus R.J. Umberger in Canadiens zone.
16:42 of 1st period - Shot by Brandon Dubinsky.
16:42 of 1st period - Shot Misses the Net.
16:44 of 1st period - Shot by Marian Hossa.
16:44 of 1st period - Shot Misses the Net.
16:48 of 1st period - Shot by Marian Hossa.
16:48 of 1st period - Stopped by Jaroslav Halak without a rebound.
16:49 of 1st period - R.J. Umberger wins face-off versus Pavel Datsyuk in Canadiens zone.
16:59 of 1st period - Icing by Alex Goligoski.
17:00 of 1st period - Tomas Plekanec wins face-off versus Pavel Datsyuk in Penguins zone.
17:00 of 1st period - Jason Pominville is hit by Alex Goligoski and loses puck.
18:38 of 1st period - Shot by Antti Miettinen.
18:38 of 1st period - Shot Misses the Net.
18:40 of 1st period - Shot by Nicklas Lidstrom.
18:40 of 1st period - Shot Blocked by Kris Russell.
18:41 of 1st period - Minor Penalty to Toni Lydman for Hooking.
18:42 of 1st period - Tomas Plekanec wins face-off versus Brad Richards in Canadiens zone.
18:57 of 1st period - Shot by Evgeni Malkin.
18:57 of 1st period - Shot Misses the Net.
19:37 of 1st period - Shot by Marian Hossa.
19:37 of 1st period - Shot Blocked by Kris Russell.

Period #2

0:01 of 2nd period - Brad Richards wins face-off versus Tomas Plekanec in neutral zone.
0:10 of 2nd period - Shot by Brad Richards.
0:10 of 2nd period - Stopped by Jaroslav Halak without a rebound.
0:11 of 2nd period - Pavel Datsyuk wins face-off versus R.J. Umberger in Canadiens zone.
0:18 of 2nd period - Shot by Ryan Smyth.
0:18 of 2nd period - Deflect By Pavel Datsyuk.
0:18 of 2nd period - Stopped by Jaroslav Halak without a rebound.
0:19 of 2nd period - Tomas Plekanec wins face-off versus Brad Richards in Canadiens zone.
0:19 of 2nd period - Tomas Plekanec is hit by Brandon Dubinsky.
0:26 of 2nd period - Icing by Marian Hossa.
0:27 of 2nd period - Tomas Plekanec wins face-off versus Brad Richards in Penguins zone.
0:52 of 2nd period - Icing by John-Michael Liles.
0:53 of 2nd period - John Tavares wins face-off versus R.J. Umberger in Penguins zone.
1:22 of 2nd period - Shot by John Tavares.
1:22 of 2nd period - Shot Blocked by Brent Seabrook.
1:24 of 2nd period - Shot by Joel Ward.
1:24 of 2nd period - Shot Misses the Net.
1:53 of 2nd period - Marian Hossa is hit by Brent Seabrook and loses puck.
1:54 of 2nd period - Marian Hossa from Penguins is injured at 1:54 of 2nd period (Bruised Left Arm).
1:55 of 2nd period - Brad Richards wins face-off versus Tomas Plekanec in Canadiens zone.
2:05 of 2nd period - Brandon Dubinsky is hit by Ed Jovanovski.
2:10 of 2nd period - Ilya Kovalchuk is hit by Brandon Dubinsky and loses puck.
2:11 of 2nd period - Minor Penalty to Brandon Dubinsky for High sticking.
2:12 of 2nd period - Brad Richards wins face-off versus Tomas Plekanec in Penguins zone.
4:57 of 2nd period - Shot by Patrik Berglund.
4:57 of 2nd period - Shot Blocked by Brandon Dubinsky.
5:00 of 2nd period - Maxime Talbot is hit by Zach Bogosian and loses puck.
5:05 of 2nd period - Shot by Shawn Horcoff.
5:05 of 2nd period - Stopped by Marc-Andre Fleury with a rebound.
5:28 of 2nd period - Minor Penalty to Cory Stillman for Hooking.
5:29 of 2nd period - Pavel Datsyuk wins face-off versus Jason Pominville in Canadiens zone.
5:44 of 2nd period - Shot by Pavel Datsyuk.
5:44 of 2nd period - Shot Misses the Net.
6:54 of 2nd period - Shot by John-Michael Liles.
6:54 of 2nd period - Shot Misses the Net.
7:36 of 2nd period - Shot by Marian Gaborik.
7:36 of 2nd period - Shot Blocked by Pavel Datsyuk.
7:44 of 2nd period - Shot by Ilya Kovalchuk.
7:44 of 2nd period - Shot Blocked by Zach Bogosian.
7:46 of 2nd period - Shot by Tomas Plekanec.
7:46 of 2nd period - Shot Misses the Net.
7:47 of 2nd period - Minor Penalty to Brandon Dubinsky for Tripping.
7:48 of 2nd period - Pavel Datsyuk wins face-off versus R.J. Umberger in Penguins zone.
7:48 of 2nd period - Pavel Datsyuk is hit by R.J. Umberger.
8:17 of 2nd period - Shot by R.J. Umberger.
8:17 of 2nd period - Deflect By Ales Hemsky.
8:17 of 2nd period - Stopped by Marc-Andre Fleury without a rebound.
8:18 of 2nd period - Pavel Datsyuk wins face-off versus Ilya Kovalchuk in Penguins zone.
8:43 of 2nd period - Shot by Marian Gaborik.
8:43 of 2nd period - Shot Blocked by Nicklas Lidstrom.
8:47 of 2nd period - Shot by Tomas Plekanec.
8:47 of 2nd period - Stopped by Marc-Andre Fleury without a rebound.
8:48 of 2nd period - Ales Hemsky wins face-off versus Evgeni Malkin in Penguins zone.
8:55 of 2nd period - Shot by Cory Stillman.
8:55 of 2nd period - Stopped by Marc-Andre Fleury without a rebound.
8:56 of 2nd period - R.J. Umberger wins face-off versus Brad Richards in Penguins zone.
8:57 of 2nd period - Shot by Alexander Edler.
8:57 of 2nd period - Shot Misses the Net.
9:01 of 2nd period - Shot by Ales Hemsky.
9:01 of 2nd period - Shot Hit the Post.
9:05 of 2nd period - Shot by R.J. Umberger.
9:05 of 2nd period - Goal by R.J. Umberger - Penguins : 1 - Canadiens : 3.
9:06 of 2nd period - John Tavares wins face-off versus Patrik Berglund in neutral zone.
9:29 of 2nd period - Shot by Ed Jovanovski.
9:29 of 2nd period - Stopped by Marc-Andre Fleury with a rebound.
9:33 of 2nd period - Shot by Kris Russell.
9:33 of 2nd period - Shot Blocked by John-Michael Liles.
9:35 of 2nd period - Shot by Patrik Berglund.
9:35 of 2nd period - Shot Misses the Net.
10:22 of 2nd period - Minor Penalty to Wayne Simmonds for Holding.
10:23 of 2nd period - Brad Richards wins face-off versus Tomas Plekanec in Canadiens zone.
11:15 of 2nd period - Icing by Pavel Datsyuk.
11:16 of 2nd period - Tomas Plekanec wins face-off versus Pavel Datsyuk in Penguins zone.
11:30 of 2nd period - Shot by Sami Salo.
11:30 of 2nd period - Stopped by Jaroslav Halak without a rebound.
11:31 of 2nd period - R.J. Umberger wins face-off versus Brad Richards in Canadiens zone.
11:31 of 2nd period - R.J. Umberger is hit by Zach Bogosian.
12:24 of 2nd period - Icing by Sami Salo.
12:25 of 2nd period - Shawn Horcoff wins face-off versus John Tavares in Penguins zone.
12:30 of 2nd period - Shot by Ales Hemsky.
12:30 of 2nd period - Deflect By Wayne Simmonds.
12:30 of 2nd period - Shot Misses the Net.
12:42 of 2nd period - Off-side.
12:43 of 2nd period - Pavel Datsyuk wins face-off versus Tomas Plekanec in neutral zone.
13:04 of 2nd period - Shot by Pavel Datsyuk.
13:04 of 2nd period - Stopped by Jaroslav Halak without a rebound.
13:05 of 2nd period - Shawn Horcoff wins face-off versus John Tavares in Canadiens zone.
13:20 of 2nd period - Shot by Toni Lydman.
13:20 of 2nd period - Stopped by Marc-Andre Fleury with a rebound.
13:22 of 2nd period - Shot by Shawn Horcoff.
13:22 of 2nd period - Stopped by Marc-Andre Fleury without a rebound.
13:23 of 2nd period - R.J. Umberger wins face-off versus Pavel Datsyuk in Penguins zone.
13:28 of 2nd period - Shot by Cory Stillman.
13:28 of 2nd period - Shot Misses the Net.
13:42 of 2nd period - Shot by Pavel Datsyuk.
13:42 of 2nd period - Shot Blocked by Jason Pominville.
13:45 of 2nd period - Icing by Brent Seabrook.
13:46 of 2nd period - R.J. Umberger wins face-off versus Evgeni Malkin in Canadiens zone.
14:03 of 2nd period - Off-side.
14:04 of 2nd period - Evgeni Malkin wins face-off versus Shawn Horcoff in neutral zone.
14:13 of 2nd period - Shot by Evgeni Malkin.
14:13 of 2nd period - Deflect By Joel Ward.
14:13 of 2nd period - Shot Misses the Net.
14:48 of 2nd period - Pavel Datsyuk is hit by Toni Lydman and loses puck.
14:56 of 2nd period - Brad Richards is hit by Toni Lydman and loses puck.
14:58 of 2nd period - Minor Penalty to Toni Lydman for Tripping.
14:59 of 2nd period - Brad Richards wins face-off versus R.J. Umberger in Canadiens zone.
15:08 of 2nd period - Shot by Brad Richards.
15:08 of 2nd period - Stopped by Jaroslav Halak without a rebound.
15:09 of 2nd period - Brad Richards wins face-off versus R.J. Umberger in Canadiens zone.
15:16 of 2nd period - Shot by Antti Miettinen.
15:16 of 2nd period - Shot Blocked by Ed Jovanovski.
17:08 of 2nd period - Minor Penalty to Travis Moen for High sticking.
17:09 of 2nd period - R.J. Umberger wins face-off versus Brad Richards in Penguins zone.
17:28 of 2nd period - Tom Gilbert is hit by Joel Ward and loses puck.
18:08 of 2nd period - Shot by Ilya Kovalchuk.
18:08 of 2nd period - Deflect By Marian Gaborik.
18:08 of 2nd period - Shot Blocked by Nicklas Lidstrom.
19:48 of 2nd period - Shot by Pavel Datsyuk.
19:48 of 2nd period - Stopped by Jaroslav Halak without a rebound.
19:49 of 2nd period - Pavel Datsyuk wins face-off versus Wayne Simmonds in Canadiens zone.
19:51 of 2nd period - Antti Miettinen is hit by Toni Lydman and loses puck.
19:55 of 2nd period - Pavel Datsyuk is hit by Toni Lydman and loses puck.
19:59 of 2nd period - Pavel Datsyuk is hit by Toni Lydman and loses puck.

Period #3

0:01 of 3rd period - R.J. Umberger wins face-off versus Pavel Datsyuk in neutral zone.
0:01 of 3rd period - Cory Stillman is hit by Pavel Datsyuk and loses puck.
0:02 of 3rd period - Double Minor Penalty to Evgeni Malkin for High sticking.
0:03 of 3rd period - Tomas Plekanec wins face-off versus Brandon Dubinsky in Penguins zone.
0:06 of 3rd period - Shot by Ilya Kovalchuk.
0:06 of 3rd period - Stopped by Marc-Andre Fleury without a rebound.
0:07 of 3rd period - R.J. Umberger wins face-off versus Pavel Datsyuk in Penguins zone.
1:19 of 3rd period - Off-side.
1:20 of 3rd period - Brad Richards wins face-off versus Tomas Plekanec in neutral zone.
1:28 of 3rd period - Icing by Ilya Kovalchuk.
1:29 of 3rd period - Tomas Plekanec wins face-off versus Brandon Dubinsky in Canadiens zone.
3:18 of 3rd period - Shot by Cory Stillman.
3:18 of 3rd period - Shot Misses the Net.
3:20 of 3rd period - Shot by R.J. Umberger.
3:20 of 3rd period - Stopped by Marc-Andre Fleury with a rebound.
3:22 of 3rd period - Shot by Jason Pominville.
3:22 of 3rd period - Shot Misses the Net.
3:24 of 3rd period - Shot by Alexander Edler.
3:24 of 3rd period - Shot Misses the Net.
3:56 of 3rd period - Icing by Tom Gilbert.
3:57 of 3rd period - Maxime Talbot wins face-off versus Brad Richards in Canadiens zone.
4:03 of 3rd period - Off-side.
4:04 of 3rd period - Pavel Datsyuk wins face-off versus Patrik Berglund in neutral zone.
4:10 of 3rd period - Minor Penalty to Brent Seabrook for Holding.
4:11 of 3rd period - Tomas Plekanec wins face-off versus Pavel Datsyuk in Canadiens zone.
4:11 of 3rd period - Tomas Plekanec is hit by Evgeni Malkin.
4:24 of 3rd period - Icing by Alex Goligoski.
4:25 of 3rd period - Tomas Plekanec wins face-off versus Pavel Datsyuk in Penguins zone.
4:25 of 3rd period - Minor Penalty to Zach Bogosian for Slashing.
4:26 of 3rd period - Brad Richards wins face-off versus Ilya Kovalchuk in Penguins zone.
4:26 of 3rd period - Nicklas Lidstrom is hit by Marian Gaborik.
5:27 of 3rd period - Shot by Cory Stillman.
5:27 of 3rd period - Shot Blocked by Alex Goligoski.
5:42 of 3rd period - Icing by Sami Salo.
5:43 of 3rd period - Pavel Datsyuk wins face-off versus Ilya Kovalchuk in Penguins zone.
5:55 of 3rd period - Icing by Ed Jovanovski.
5:56 of 3rd period - Brad Richards wins face-off versus Ilya Kovalchuk in Canadiens zone.
6:01 of 3rd period - Shot by Brandon Dubinsky.
6:01 of 3rd period - Stopped by Jaroslav Halak without a rebound.
6:02 of 3rd period - Brad Richards wins face-off versus Shawn Horcoff in Canadiens zone.
6:09 of 3rd period - Shot by Evgeni Malkin.
6:09 of 3rd period - Shot Misses the Net.
6:37 of 3rd period - Shot by John Tavares.
6:37 of 3rd period - Shot Blocked by Ed Jovanovski.
6:51 of 3rd period - Shot by Evgeni Malkin.
6:51 of 3rd period - Shot Misses the Net.
6:58 of 3rd period - Icing by Ed Jovanovski.
6:59 of 3rd period - Pavel Datsyuk wins face-off versus Patrik Berglund in Canadiens zone.
6:59 of 3rd period - Nicklas Lidstrom is hit by Brent Seabrook and loses puck.
7:05 of 3rd period - Icing by Patrik Berglund.
7:06 of 3rd period - Pavel Datsyuk wins face-off versus Patrik Berglund in Canadiens zone.
7:18 of 3rd period - Pavel Datsyuk is hit by Ed Jovanovski and loses puck.
7:28 of 3rd period - David Booth is hit by Travis Moen.
7:34 of 3rd period - Maxime Talbot is hit by Travis Moen and loses puck.
7:44 of 3rd period - Minor Penalty to Patrik Berglund for Hooking.
7:45 of 3rd period - Tomas Plekanec wins face-off versus Brad Richards in Canadiens zone.
7:55 of 3rd period - Minor Penalty to Toni Lydman for Interference.
7:56 of 3rd period - Tomas Plekanec wins face-off versus Brad Richards in Canadiens zone.
7:56 of 3rd period - Tomas Plekanec is hit by Evgeni Malkin.
8:18 of 3rd period - Shot by Evgeni Malkin.
8:18 of 3rd period - Shot Misses the Net.
8:20 of 3rd period - Shot by Evgeni Malkin.
8:20 of 3rd period - Stopped by Jaroslav Halak without a rebound.
8:21 of 3rd period - Pavel Datsyuk wins face-off versus Shawn Horcoff in Canadiens zone.
8:44 of 3rd period - Shot by Pavel Datsyuk.
8:44 of 3rd period - Stopped by Jaroslav Halak without a rebound.
8:45 of 3rd period - Brandon Dubinsky wins face-off versus Tomas Plekanec in Canadiens zone.
9:57 of 3rd period - Toni Lydman is hit by John Tavares and loses puck.
10:52 of 3rd period - Shot by Antti Miettinen.
10:52 of 3rd period - Shot Misses the Net.
10:58 of 3rd period - Shot by Antti Miettinen.
10:58 of 3rd period - Stopped by Jaroslav Halak without a rebound.
10:59 of 3rd period - Pavel Datsyuk wins face-off versus Tomas Plekanec in Canadiens zone.
10:59 of 3rd period - Pavel Datsyuk is hit by Ed Jovanovski.
11:00 of 3rd period - Minor Penalty to Alexander Edler for Interference.
11:01 of 3rd period - Pavel Datsyuk wins face-off versus R.J. Umberger in Canadiens zone.
11:06 of 3rd period - Shot by Pavel Datsyuk.
11:06 of 3rd period - Stopped by Jaroslav Halak without a rebound.
11:07 of 3rd period - R.J. Umberger wins face-off versus Pavel Datsyuk in Canadiens zone.
11:28 of 3rd period - Shot by Pavel Datsyuk.
11:28 of 3rd period - Goal by Pavel Datsyuk - Penguins : 2 - Canadiens : 3.
11:29 of 3rd period - Tomas Plekanec wins face-off versus John Tavares in neutral zone.
11:34 of 3rd period - Shot by Marian Gaborik.
11:34 of 3rd period - Stopped by Marc-Andre Fleury with a rebound.
11:41 of 3rd period - Icing by Marian Gaborik.
11:42 of 3rd period - Brad Richards wins face-off versus Tomas Plekanec in Canadiens zone.
12:36 of 3rd period - Shot by Evgeni Malkin.
12:36 of 3rd period - Deflect By John Tavares.
12:36 of 3rd period - Stopped by Jaroslav Halak without a rebound.
12:37 of 3rd period - Pavel Datsyuk wins face-off versus R.J. Umberger in Canadiens zone.
14:03 of 3rd period - Kris Russell is hit by Evgeni Malkin and loses puck.
14:10 of 3rd period - Alex Goligoski is hit by Wayne Simmonds and loses puck.
14:43 of 3rd period - Shot by Brad Richards.
14:43 of 3rd period - Shot Misses the Net.
14:47 of 3rd period - Shot by Brad Richards.
14:47 of 3rd period - Shot Misses the Net.
14:50 of 3rd period - Minor Penalty to Brent Seabrook for Holding.
14:51 of 3rd period - Brad Richards wins face-off versus Tomas Plekanec in Canadiens zone.
15:44 of 3rd period - Shot by Alex Goligoski.
15:44 of 3rd period - Shot Misses the Net.
15:46 of 3rd period - Shot by Alex Goligoski.
15:46 of 3rd period - Shot Misses the Net.
15:50 of 3rd period - Shot by Pavel Datsyuk.
15:50 of 3rd period - Shot Misses the Net.
15:52 of 3rd period - Shot by Alex Goligoski.
15:52 of 3rd period - Shot Misses the Net.
16:10 of 3rd period - Shot by Brad Richards.
16:10 of 3rd period - Stopped by Jaroslav Halak with a rebound.
16:12 of 3rd period - Shot by Zach Bogosian.
16:12 of 3rd period - Stopped by Jaroslav Halak without a rebound.
16:13 of 3rd period - Tomas Plekanec wins face-off versus John Tavares in Canadiens zone.
16:13 of 3rd period - Tomas Plekanec is hit by Zach Bogosian.
16:32 of 3rd period - Tom Gilbert is hit by Zach Bogosian and loses puck.
17:14 of 3rd period - Brandon Dubinsky is hit by Brent Seabrook and loses puck.
19:10 of 3rd period - Penguins, Marc-Andre Fleury is pulled from the net.
19:10 of 3rd period - Shot by Brandon Dubinsky.
19:10 of 3rd period - Shot Misses the Net.
19:12 of 3rd period - Shot by Brandon Dubinsky.
19:12 of 3rd period - Stopped by Jaroslav Halak with a rebound.
19:14 of 3rd period - Shot by Brandon Dubinsky.
19:14 of 3rd period - Stopped by Jaroslav Halak without a rebound.
19:15 of 3rd period - Pavel Datsyuk wins face-off versus Jason Pominville in Canadiens zone.
19:23 of 3rd period - Pavel Datsyuk is hit by Toni Lydman and loses puck.
19:27 of 3rd period - Icing by R.J. Umberger.
19:28 of 3rd period - Pavel Datsyuk wins face-off versus R.J. Umberger in Canadiens zone.
19:34 of 3rd period - Pavel Datsyuk is hit by Toni Lydman and loses puck.
19:39 of 3rd period - Shot by Pavel Datsyuk.
19:39 of 3rd period - Goal by Pavel Datsyuk - Penguins : 3 - Canadiens : 3.
19:39 of 3rd period - Marc-Andre Fleury from Penguins was sent back in the game.
19:40 of 3rd period - Shawn Horcoff wins face-off versus Brad Richards in neutral zone.

Overtime #1

0:01 of 1st overtime period - Marian Gaborik wins face-off versus Brad Richards in neutral zone.
0:06 of 1st overtime period - Shot by Marian Gaborik.
0:06 of 1st overtime period - Stopped by Marc-Andre Fleury without a rebound.
0:07 of 1st overtime period - Pavel Datsyuk wins face-off versus Shawn Horcoff in Penguins zone.
1:10 of 1st overtime period - Shot by Brad Richards.
1:10 of 1st overtime period - Stopped by Jaroslav Halak without a rebound.
1:11 of 1st overtime period - Brad Richards wins face-off versus Ilya Kovalchuk in Canadiens zone.
1:20 of 1st overtime period - Shot by Brad Richards.
1:20 of 1st overtime period - Stopped by Jaroslav Halak without a rebound.
1:21 of 1st overtime period - Marian Gaborik wins face-off versus Brad Richards in Canadiens zone.
1:45 of 1st overtime period - Shot by Marian Gaborik.
1:45 of 1st overtime period - Goal by Marian Gaborik - Penguins : 3 - Canadiens : 4.


Output by the SimonT Hockey Simulator (STHS) for Stephane Roy -- Original Page W3C XHTML 1.0 Valid